 Dungeon Crawl Stone Soup version 0.29-a0-398-ge13fd13 (webtiles) character file.

Game seed: 12396177829333780373

938 Illumine the Twirler (level 7, -4/64 HPs)
             Began as a Minotaur Gladiator on May 12, 2022.
             Slain by a gnoll
             ... wielding a +0 halberd
             ... led by a gnoll shaman
              (18 damage)
             ... on level 6 of the Dungeon.
             The game lasted 00:03:48 (4425 turns).

Illumine the Twirler (Minotaur Gladiator)           Turns: 4425, Time: 00:03:49

Health: -4/64      AC:  0    Str: 20    XL:     7   Next: 87%
Magic:  6/6        EV: 12    Int:  7    God:
Gold:   247        SH:  0    Dex: 12    Spells: 6/6 levels left

rFire   . . .      SeeInvis .   a - +0 quarterstaff
rCold   . . .      Faith    .   (shield currently unavailable)
rNeg    . . .      Spirit   .   n - +1 ring mail of Xom's Regard {Harm *Corrode Int+2 Slay+5}
rPois   .          Reflect  .   c - +0 hat
rElec   .          Harm     +   (no cloak)
rCorr   .          Rampage  .   (no gloves)
Will    .....                   (no boots)
Stlth   +.........              (no amulet)
HPRegen 0.20/turn               (no ring)
MPRegen 0.10/turn               (no ring)

@: corroded
A: horns 2, retaliatory headbutt
a: no special abilities


You were on level 6 of the Dungeon.
You visited 1 branch of the dungeon, and saw 6 of its levels.

You collected 247 gold pieces.

Inventory:

Hand Weapons
 a - a +0 quarterstaff (weapon)
Missiles
 d - 3 throwing nets (quivered)
 e - a javelin
Armour
 c - a +0 hat (worn)
 n - the +1 ring mail of Xom's Regard (worn) {Harm *Corrode Int+2 Slay+5}
   (You found it on level 2 of the Dungeon)

   Int:       It affects your intelligence (+2).
   Slay:      It affects your accuracy & damage with ranged weapons and melee
   (+5).
   *Corrode:  It may corrode you when you take damage.
   Harm:      It increases damage dealt and taken.
Jewellery
 t - a ring of poison resistance
 x - a +6 ring of intelligence
Wands
 r - a wand of flame (22)
 w - a wand of iceblast (10)
Scrolls
 b - a scroll of fog {unknown}
 f - 8 scrolls of identify {unknown}
 g - a scroll of magic mapping {unknown}
 h - a scroll of poison {unknown}
 l - a scroll of vulnerability {unknown}
 m - 4 scrolls of teleportation {unknown}
 p - 2 scrolls of immolation {unknown}
 q - a scroll of enchant armour {unknown}
 s - a scroll of silence {unknown}
 u - a scroll of noise {unknown}
 v - a scroll of torment {unknown}
Potions
 i - a potion of ambrosia {unknown}
 j - 2 potions of flight {unknown}
 k - 2 potions of curing {unknown}
 o - a potion of invisibility {unknown}


   Skills:
 + Level 6.4 Fighting
 + Level 7.0 Staves
 - Level 2.0 Throwing
 + Level 5.8 Armour
 + Level 4.1 Dodging


You had 6 spell levels left.
You didn't know any spells.
Your spell library contained the following spells:

 Spells                   Type           Power      Damage    Failure   Level
 Animate Skeleton         Necr           0%         N/A       58%         1
 Apportation              Tloc           0%         N/A       58%         1
 Freeze                   Ice            0%         1d3       58%         1
 Summon Small Mammal      Summ           0%         N/A       58%         1
 Scorch                   Fire           0%         2d5       75%         2
 Call Canine Familiar     Summ           0%         N/A       92%         3
 Dazzling Flash           Conj/Hex       0%         N/A       92%         3
 Frozen Ramparts          Ice            0%         1d2       92%         3
 Stone Arrow              Conj/Erth      0%         3d7       92%         3
 Summon Guardian Golem    Hex/Summ       0%         N/A       92%         3
 Animate Armour           Summ/Erth      0%         N/A       100%        4
 Flame Wave               Conj/Fire      0%         2d4       100%        4
 Hailstorm                Conj/Ice       0%         3d3       100%        4
 Agony                    Necr           0%         N/A       100%        5
 Silence                  Hex/Air        0%         N/A       100%        5
 Summon Cactus Giant      Summ           0%         N/A       100%        6
 Orb of Destruction       Conj           0%         9d5       100%        7
 Spellforged Servitor     Conj/Summ      0%         N/A       100%        7
 Lehudib's Crystal Spear  Conj/Erth      0%         10d2      100%        8


Dungeon Overview and Level Annotations

Branches:
Dungeon (6/15)             Temple (0/1) D:6

Altars:
Hepliaklqana
Xom

Annotations:
D:5 1 runed translucent door, Crazy Yiuf


Innate Abilities, Weirdness & Mutations

You have a pair of horns on your head.
You reflexively headbutt those who attack you in melee.


Message History

The gnoll hits you with a +0 club.
You sock the gnoll!
The gnoll is almost dead.
The gnoll hits you with a +0 club.
You hit the gnoll.
You kill the gnoll!
Things that are here:
a +0 club; a +0 robe; a gnoll corpse
There is a stone staircase leading down here.
You climb downwards.
There is a stone staircase leading up here.
The gnoll hits you but does no damage.
There is a stone staircase leading up here.
The gnoll hits you with a +0 spear.
Your corrosive artefact corrodes you!
The gnoll barely misses you.
You hit the gnoll.
The gnoll is moderately wounded.
You closely miss the gnoll.
The gnoll is moderately wounded.
The gnoll barely misses you. The gnoll hits you with a +0 halberd.
You barely miss the gnoll.
The gnoll is moderately wounded.
The gnoll barely misses you. The gnoll closely misses you.
You hit the gnoll.
The gnoll is heavily wounded.
The gnoll barely misses you. The gnoll hits you with a +0 halberd!
You closely miss the gnoll.
You headbutt the gnoll, but do no damage.
The gnoll is heavily wounded.
The gnoll hits you with a +0 spear.
Your corrosive artefact corrodes you!
The gnoll barely misses you. The gnoll attacks as you move away!
The gnoll hits you with a +0 halberd!
The gnoll hits you from afar with a +0 spear.
* * * LOW HITPOINT WARNING * * *
The gnoll hits you from afar with a +0 halberd.
* * * LOW HITPOINT WARNING * * *
There is a stone staircase leading up, spattered with blood here.
The gnoll misses you.
The gnoll hits you from afar with a +0 halberd!
You die...

.#..#.......(##...#..#
....##...........!..#
.....##........###.##
...................#
..............>#####
..............##
....<.....gg.##
..............#.##
...........@.....#
......)..#......##
...####..#...#### ..
##.......# .
#..#......#
#..##.....#
##...##..... #..#
.....# ...# .....#


You could see 2 gnolls.

Vanquished Creatures
  3 ogres
  2 black bears (D:5)
  A centaur (D:5)
  A howler monkey (D:4)
  A hound (D:5)
  A gnoll shaman (D:5)
  3 iguanas (D:5)
  2 orc wizards
  2 gnolls
  7 adders
  An ufetubus (D:6)
  2 dart slugs
  10 orcs
  8 ball pythons
  7 endoplasms
  4 giant cockroaches
  10 goblins
  6 hobgoblins
  9 jackals
  3 quokkas
  6 bats
  12 frilled lizards
  12 kobolds
  4 rats (D:1)
117 creatures vanquished.

Vanquished Creatures (others)
  3 plants
3 creatures vanquished.

Grand Total: 120 creatures vanquished

Notes
Turn   | Place    | Note
-------+----------+-------------------------------------------
     0 | D:1      | Illumine the Minotaur Gladiator began the quest for the
                  | Orb.
     0 | D:1      | Reached XP level 1. HP: 18/18 MP: 0/0
    73 | D:1      | Reached skill level 1 in Armour
    76 | D:1      | Reached XP level 2. HP: 20/25 MP: 1/1
   364 | D:1      | Reached skill level 4 in Staves
   613 | D:1      | Reached XP level 3. HP: 30/31 MP: 2/2
   687 | D:1      | Found a faded altar of an unknown god.
  1115 | D:2      | Identified the +1 ring mail of Xom's Regard {Harm *Corrode
                  | Int+2 Slay+5}
  1309 | D:2      | Reached XP level 4. HP: 38/38 MP: 3/3
  2217 | D:3      | Reached XP level 5. HP: 46/46 MP: 4/4
  2222 | D:3      | Reached skill level 5 in Staves
  2640 | D:4      | Noticed an ogre
  2645 | D:4      | Killed an ogre
  2646 | D:4      | Reached skill level 5 in Fighting
  2646 | D:4      | Reached XP level 6. HP: 52/56 MP: 5/5
  3124 | D:4      | Found a shimmering altar of Xom.
  3356 | D:5      | Entered Level 5 of the Dungeon
  3426 | D:5      | Reached skill level 6 in Staves
  3644 | D:5      | Reached skill level 5 in Armour
  3644 | D:5      | Reached XP level 7. HP: 62/62 MP: 6/6
  4153 | D:5      | Reached skill level 7 in Staves
  4241 | D:5      | Found a hazy altar of Hepliaklqana.
  4267 | D:5      | Found a runed translucent door.
  4268 | D:5      | Noticed Crazy Yiuf
  4375 | D:6      | Found a staircase to the Ecumenical Temple.
  4425 | D:6      | Slain by a gnoll

Illustrated notes

Levels and vault maps discovered:
D:1:      minmay_arrival_doors, layout_loops_ring,
          shapermc_ecumenical_altar_totnotflames, serial_forest,
          infiniplex_forest_straight_2, infiniplex_forest_lined_room_2,
          infiniplex_forest_straight_1, infiniplex_forest_clump_diagonal,
          infiniplex_forest_clump_long, minmay_hexomino_c4
D:2:      layout_basic, due_unseen_surprise
D:3:      layout_rooms, minmay_lizard_king
D:4:      layout_gridville, kennysheep_mini, chequers_mini_garden
D:5:      layout_gridville, worldfamousw_hep_ancestral_shrine,
          uniq_crazy_yiuf_cottage
D:6:      layout_cave_pools, minmay_temple_entry_mini_moons

Skill      XL: |  1  2  3  4  5  6  7 |
---------------+----------------------+-----
Armour         | 1 2 3 4 5 |  5.8
Staves         | 4 5 6 7 |  7.0
Fighting       | 3 4 5 6 |  6.4
Dodging        | 4 |  4.1
Throwing       | |  2.0

Action                   |  1- 3 |  4- 6 |  7- 9 || total
-------------------------+-------+-------+-------++-------
Melee: Quarterstaff      |    80 |    97 |    31 ||   208
       Headbutt          |    11 |    11 |     7 ||    29
Armor: Leather armour    |    22 |       |       ||    22
       Ring mail         |     8 |    45 |    12 ||    65
Dodge: Dodged            |    44 |    51 |    29 ||   124

Table legend: (Time is in decaauts)
 A = Elapsed time spent in this place.
 B = Non-inter-level travel time spent in this place.
 C = Inter-level travel time spent in this place.
 D = Time resting spent in this place.
 E = Time spent auto-exploring this place.
 F = Levels seen in this place.
 G = Mean time per level.
                   A        B        C        D        E       F      G
               +--------+--------+--------+--------+--------+-----+--------+
         Total |   4436 |   4274 |    162 |     56 |   3551 |   6 |  739.3 |
       Dungeon |   4436 |   4274 |    162 |     56 |   3551 |   6 |  739.3 |
               +--------+--------+--------+--------+--------+-----+--------+

Top non-repeatable levels by time:
     D:1: 1097 daAuts
     D:4: 1031 daAuts
     D:5: 1013 daAuts
     D:2: 700 daAuts
     D:3: 538 daAuts
     D:6: 56 daAuts
